 Dungeon Crawl Stone Soup version 0.29.1-4-g47bece8355 (webtiles) character file.

Game seed: 2752175434634208642

244 Descartes the Shield-Bearer (level 6, -3/49 HPs)
             Began as a Formicid Fighter on Dec 11, 2022.
             Slain by a gnoll sergeant
             ... wielding a +0 trident of protection
              (12 damage)
             ... on level 6 of the Dungeon.
             The game lasted 00:03:26 (3046 turns).

Descartes the Shield-Bearer (Formicid Fighter)      Turns: 3046, Time: 00:03:27

Health: -3/49      AC: 10    Str: 20 (21) XL:     6   Next: 32%
Magic:  6/6        EV:  6    Int: 14 (15) God:
Gold:   161        SH:  8    Dex: 10 (13) Spells: 5/5 levels left

rFire   . . .      SeeInvis +   o - +1 spear (freeze)
rCold   . . .      Faith    .   w - +0 kite shield
rNeg    . . .      Spirit   .   s - +0 chain mail
rPois   .          Reflect  .   (helmet unavailable)
rElec   .          Harm     .   (no cloak)
rCorr   .          Rampage  .   (no gloves)
Will    .....                   i - +0 pair of boots
Stlth   ..........              (no amulet)
HPRegen 0.16/turn               l - +6 ring of intelligence
MPRegen 0.10/turn               u - ring of flight

@: mighty, flying
A: permanent stasis, dig shafts and tunnels, antennae 3, four strong arms
a: Dig, Shaft Self


You were on level 6 of the Dungeon.
You visited 1 branch of the dungeon, and saw 4 of its levels.

You collected 161 gold pieces.

Inventory:

Hand Weapons
 a - a +0 war axe
 o - a +1 spear of freezing (weapon)
Armour
 b - a +0 scale mail
 c - a +0 buckler
 i - a +0 pair of boots (worn)
 s - a +0 chain mail (worn)
 w - a +0 kite shield (worn)
Jewellery
 l - a +6 ring of intelligence (left hand)
 u - a ring of flight (right hand)
Scrolls
 f - a scroll of blinking {unknown}
 g - 6 scrolls of identify {unknown}
 h - a scroll of enchant weapon {unknown}
 m - 2 scrolls of fog {unknown}
 p - 2 scrolls of summoning {unknown}
 r - a scroll of vulnerability {unknown}
 t - a scroll of acquirement {unknown}
Potions
 d - a potion of might
 e - a potion of heal wounds {unknown}
 j - a potion of curing {unknown}
 k - a potion of attraction {unknown}
 n - a potion of invisibility {unknown}
 q - a potion of degeneration
 v - a potion of ambrosia {unknown}


   Skills:
 + Level 4.3 Fighting
 - Level 2.6(2.9) Axes
 + Level 1.3(2.2) Polearms
 + Level 4.3 Armour
 + Level 5.3 Shields
 + Level 2.1 Translocations


You had 5 spell levels left.
You didn't know any spells.
Your spell library was empty.

Dungeon Overview and Level Annotations

Branches:
Dungeon (3/15)

Altars:
Ashenzari
Kikubaaqudgha
Qazlal


Innate Abilities, Weirdness & Mutations

You cannot be hasted, slowed, berserked, paralysed or teleported.
You can dig through walls and to a lower floor.
You have a pair of large antennae on your head. (SInv)
Your four strong arms can wield two-handed weapons with a shield.


Message History

You block the gnoll's attack.
You hit the gnoll. You freeze the gnoll.
The gnoll is almost dead.
The gnoll closely misses you.
You hit the gnoll. You freeze the gnoll.
You kill the gnoll!
No target in view!
No target in view!
A gnoll is nearby!
The gnoll shouts!
A gnoll sergeant and a gnoll come into view.
The gnoll sergeant is wielding a +0 trident of protection.
The gnoll moves out of view.
The gnoll sergeant hits you but does no damage.
You reach to attack!
You barely miss the gnoll sergeant.
The gnoll sergeant hits you but does no damage.
You reach to attack!
You hit the gnoll sergeant but do no damage.
The gnoll sergeant completely misses you.
You reach to attack!
You closely miss the gnoll sergeant.
The gnoll sergeant hits you from afar with a +0 trident of protection.
You reach to attack!
You closely miss the gnoll sergeant.
The gnoll sergeant hits you from afar with a +0 trident of protection!
You reach to attack!
You hit the gnoll sergeant but do no damage.
You block the gnoll sergeant's attack.
You reach to attack!
The gnoll sergeant blocks your attack.
The gnoll sergeant hits you from afar with a +0 trident of protection!
You feel very mighty all of a sudden. You block the gnoll sergeant's attack.
The gnoll sergeant hits you but does no damage.
The gnoll sergeant hits you with a +0 trident of protection!
You puncture the gnoll sergeant! You freeze the gnoll sergeant.
The gnoll sergeant is almost dead.
The gnoll sergeant hits you with a +0 trident of protection!
* * * LOW HITPOINT WARNING * * *
The gnoll sergeant blocks your attack.
The gnoll sergeant is almost dead.
The gnoll sergeant hits you with a +0 trident of protection!
You die...

######################
#.ggg@................
#.####################
#.# ############## #.#
#####>...g{....... #g#
#....g#.###{...... #.#
#.....#)## .g..... #g#
#.....#..##....... #.#
#.....##..#.......
#.###.....###.#.......


You could see a gnoll sergeant and 2 gnolls.

Vanquished Creatures
  2 hounds (D:6)
  A jelly (D:6)
  Jessica (D:2)
  Natasha (D:3)
  Robin (D:2)
  An adder (D:3)
  A gnoll (D:6)
  A white imp (D:6)
  An ufetubus (D:6)
  A dart slug (D:1)
  5 ball pythons
  6 endoplasms
  A giant cockroach (D:1)
  13 goblins
  5 hobgoblins
  2 jackals (D:1)
  3 quokkas
  3 bats (D:1)
  2 frilled lizards (D:2)
  4 kobolds
  6 rats
61 creatures vanquished.

Vanquished Creatures (others)
  A plant (D:6)
1 creature vanquished.

Grand Total: 62 creatures vanquished

Notes
Turn   | Place    | Note
-------+----------+-------------------------------------------
     0 | D:1      | Descartes the Formicid Fighter began the quest for the Orb.
     0 | D:1      | Reached XP level 1. HP: 18/18 MP: 1/1
   141 | D:1      | Reached XP level 2. HP: 24/24 MP: 2/2
   445 | D:1      | Found a faded altar of an unknown god.
   508 | D:1      | Reached XP level 3. HP: 19/29 MP: 3/3
   994 | D:2      | Noticed Jessica
   997 | D:2      | Reached skill level 1 in Translocations
  1000 | D:2      | Killed Jessica
  1001 | D:2      | Reached XP level 4. HP: 34/37 MP: 4/4
  1426 | D:2      | Noticed Robin
  1449 | D:2      | Killed Robin
  1778 | D:2      | Found a stormy altar of Qazlal.
  1960 | D:3      | Noticed Natasha
  1970 | D:3      | Killed Natasha
  1971 | D:3      | Reached XP level 5. HP: 40/42 MP: 5/5
  2147 | D:3      | You are sucked into a shaft and drop 3 floors!
  2189 | D:6      | HP: 1/42 [white imp/puff of frost (5)]
  2280 | D:6      | Reached skill level 5 in Shields
  2513 | D:6      | Found a broken altar of Ashenzari.
  2530 | D:6      | Reached skill level 1 in Polearms
  2546 | D:6      | Reached XP level 6. HP: 30/48 MP: 6/6
  2911 | D:6      | Found an ancient bone altar of Kikubaaqudgha.
  3046 | D:6      | Slain by a gnoll sergeant

Illustrated notes

Levels and vault maps discovered:
D:1:      lightli_arrival_lavapool, layout_basic,
          ebering_ecumenical_altar_petrified, chequers_serial_rivers_micro_d,
          grunt_decor_arrowhead, chequers_garden, glass_columns_c
D:2:      layout_loops_ring, basic_altar, uniq_robin, uniq_jessica
D:3:      layout_basic, mainiacjoe_overflow_alcove_2, gammafunk_ghost_split,
          minmay_pentomino_pile, uniq_ijyb, uniq_natasha
D:6:      lemuel_castle_with_subvaults [lemuel_castle_interior_original],
          layout_basic, grunt_temple_overflow_open,
          minmay_temple_entry_drinking_statues, kennysheep_generic_room_11

Skill      XL: |  1  2  3  4  5  6 |
---------------+-------------------+-----
Translocations | 1 2 |  2.1
Fighting       | 4 |  4.3
Armour         | 4 |  4.3
Shields        | 5 |  5.3
Polearms       | 1 |  1.3
Axes           | |  2.6

Action                   |  1- 3 |  4- 6 || total
-------------------------+-------+-------++-------
Melee: War axe           |    66 |    42 ||   108
       Spear             |       |    87 ||    87
  Use: Potion            |       |     2 ||     2
Armor: Scale mail        |    27 |    20 ||    47
       Chain mail        |       |    38 ||    38
Dodge: Dodged            |    28 |    46 ||    74
Block: Buckler           |    18 |    19 ||    37
       Kite shield       |       |    30 ||    30
